 Dungeon Crawl Stone Soup version 0.22-a0-355-g201945f (webtiles) character file.

650921 budo the Executioner (level 27, -4/159 HPs)
             Began as a Human Berserker on Apr 16, 2018.
             Was a High Priest of Trog.
             Killed from afar by a starcursed mass (5 damage)
             ... with an accursed screaming
             ... on level 4 of the Abyss on Apr 17, 2018.
             The game lasted 05:16:38 (69109 turns).

budo the Executioner (Human Berserker)             Turns: 69109, Time: 05:16:39

Health: -4/159     AC: 34    Str: 26      XL:     27
Magic:  0/25       EV: 10    Int: 11 (12) God:    Trog [*****.]
Gold:   4823       SH:  0    Dex: 12      Spells: 26/26 levels left

rFire    + + +     SeeInvis +   t - +5 battleaxe (vamp)
rCold    + . .     Gourm    .   (shield currently unavailable)
rNeg     . . .     Faith    .   C - +8 gold dragon scales of Woavvoju {rElec rPois rF+ rC+}
rPois    +         Spirit   +   a - +2 hat {SInv}
rElec    +         Reflect  .   E - +2 cloak {MR+}
rCorr    .         Harm     .   n - +2 pair of gloves {archery}
MR       +++++     Rnd*Rage +   w - +2 pair of boots {run}
Stlth    ..........             N - amulet of guardian spirit
HPRegen  0.36/turn              H - ring "Peam" {rElec rF+ MR+ Int+3}
MPRegen  0.19/turn              D - ring "Quir" {rElec rF+ MR+, !R}

@: about to teleport, flayed, slowed, drained, very slow
A: hooves 1, [berserk 3], blurry vision 2[+1], clumsy 1[+1], deformed body,
deterioration 1[+1], frail 1[+2], low mp 2, screaming 1, [subdued magic 2],
MP-powered wands
}: 4/15 runes: decaying, serpentine, slimy, silver
a: Berserk, Trog's Hand, Brothers in Arms, Renounce Religion


You were on level 4 of the Abyss.
You worshipped Trog.
Trog was extremely pleased with you.
You were not hungry.

You visited 10 branches of the dungeon, and saw 50 of its levels.
You visited the Abyss 3 times.
You visited 1 ziggurat, and saw 9 of its levels.
You also visited: Trove, Bailey, Ice Cave, Volcano and Wizlab.

You collected 8765 gold pieces.
You spent 3942 gold pieces at shops.

Inventory:

Hand Weapons
 t - a +5 vampiric battleaxe (weapon)
Missiles
 g - an exploding tomahawk
 i - 38 tomahawks of returning (quivered)
 s - 15 steel javelins
 I - 6 needles of sleeping
 L - 8 javelins of returning
 O - 11 tomahawks of dispersal
 Z - 15 javelins of penetration
Armour
 a - a +2 hat of see invisible (worn)
 n - a +2 pair of gloves of archery (worn)
 w - a +2 pair of boots of running (worn)
 C - the +8 gold dragon scales of Woavvoju (worn) {rElec rPois rF+ rC+}
   (You found it on level 11 of the Dungeon)

   It protects you from fire.
   It protects you from cold.
   It insulates you from electricity.
   It protects you from poison.
 E - a +2 cloak of magic resistance (worn)
Jewellery
 u - an uncursed ring of resist corrosion
 D - the ring "Quir" (right hand) {rElec rF+ MR+, !R}
   (You bought it in a shop on level 2 of the Snake Pit)

   [ring of protection from magic]

   It protects you from fire.
   It insulates you from electricity.
   It affects your resistance to hostile enchantments.
 H - the ring "Peam" (left hand) {rElec rF+ MR+ Int+3}
   (You found it in a treasure trove)

   [ring of protection from fire]

   It affects your intelligence (+3).
   It protects you from fire.
   It insulates you from electricity.
   It affects your resistance to hostile enchantments.
 N - an amulet of guardian spirit (around neck)
Wands
 b - a wand of acid (43)
 r - a wand of paralysis (51)
 x - a wand of scattershot (9)
 J - a wand of clouds (21)
 P - a wand of digging (20)
 X - a wand of iceblast (14)
Scrolls
 h - 20 scrolls of teleportation
 j - 2 scrolls of holy word
 l - 23 scrolls of remove curse
 m - 4 scrolls of silence
 o - 5 scrolls of fog
 v - 7 scrolls of blinking
 y - a scroll of enchant weapon
 A - 2 scrolls of summoning
 Q - 3 scrolls of enchant armour
 U - 8 scrolls of fear
 W - 9 scrolls of identify
Potions
 d - 12 potions of flight
 e - 6 potions of agility
 f - 5 potions of resistance
 k - 10 potions of heal wounds
 p - 5 potions of mutation
 q - 19 potions of curing
 z - 7 potions of haste
 B - 4 potions of cancellation
 G - 9 potions of invisibility
 K - 2 potions of might
 Y - a potion of lignification
Miscellaneous
 F - a lamp of fire
 M - a lightning rod (4/4)
 S - a sack of spiders
 T - 2 boxes of beasts
 V - a lamp of fire
Comestibles
 c - 48 rations


   Skills:
 - Level 21.3(20.3) Fighting
 + Level 21.8(23.8) Axes
   Level 21.6(23.7) Polearms
 - Level 10.4(9.6) Throwing
 - Level 15.0(14.1) Armour
 - Level 12.1(11.3) Dodging
 - Level 6.6(5.9) Stealth
   Level 21.6(20.6) Shields
 - Level 11.0(10.2) Evocations


You had 26 spell levels left.
You didn't know any spells.

Dungeon Overview and Level Annotations

Branches:
Dungeon (15/15)            Temple (0/1) D:4            Lair (6/6) D:10
  Swamp (4/4) Lair:4        Snake (4/4) Lair:2        Slime (5/5) Lair:6
    Orc (2/2) D:9             Elf (3/3) Orc:2        Vaults (5/5) D:13
  Crypt (0/3) Vaults:3     Depths (5/5) D:15           Hell (1/1)
    Zot (0/5) Depths:5
    Dis: Hell:1         Geh: Hell:1         Coc: Hell:1         Tar: Hell:1

Altars:
Ashenzari
Dithmenos
Fedhas
Gozag
Makhleb
Okawaru
Qazlal
Ru
Sif Muna
Trog
Uskayaw
Vehumet
Wu Jian
Yredelemnul
The Shining One
Beogh
Jiyva

Shops:
D:5 =   D:14 *   Orc:2 }[(?   Elf:3 }   Snake:2 *=   Vaults:2 ?   Vaults:3 [

Portals:
Hell: Depths:1 Depths:2 Depths:3 Depths:4 Depths:5
Abyss: Depths:3 Depths:4 Depths:5
Pandemonium: Depths:3

Annotations:
D:4 George's ghost, amateur DsGl
D:12 exclusion: 2 downstairs
D:14 exclusion: Roxanne, Roxanne
Lair:1 2 transporters
Elf:2 3 runed doors
Abyss:4 5 runed doors


Innate Abilities, Weirdness & Mutations

You have large cloven feet.
Armour fits poorly on your strangely shaped body.
Your magical capacity is very low. (-20% MP)
You occasionally shout uncontrollably at your foes.
You expend magic power (3 MP) to strengthen your wands.
[You have an uncontrollable temper.]
[Scrolls take you much longer to read.]
[You are very clumsy. (Dex -4)]
[Your body often deteriorates upon taking damage.]
[You are extremely frail. (-30% HP)]
[Your spells are easier to cast, but less powerful.]


Message History

The revenant lashes out with ghostly flames.
The ghostly flame explodes!
The ghostly fireball engulfs you!
You feel drained.
* * * LOW HITPOINT WARNING * * *
Your body deteriorates!
You feel dopey.
The ghostly fireball engulfs the thrashing horror.
The thrashing horror completely resists.
The ghostly fireball engulfs the flayed ghost.
The flayed ghost completely resists.
The ghostly fireball engulfs the wretched star.
The wretched star completely resists.
The ghostly fireball engulfs the revenant.
The revenant completely resists.
The wretched star pulses with an eldritch light!
You feel extremely angry at everything!
The thrashing horror is engulfed in spectral mist.
The thrashing horror tramples you but does no damage. x2
The flayed ghost hits you.
* * * LOW HITPOINT WARNING * * *
A chorus of shrieks assaults your mind.
You die...

# ### # . ..# ### # # .
..# ## # # .## ... .. .
##§. .# #### .... §# #
.#.# .. ).#. . .....
#Z#. h.# ##.>. . .
...XXX#X##.#....#..#.#.
#XW@#....# #.# .## .
###*L§.........##. .
..#53§.§..#.#. . .
#.#.#....##. . . # ..
...#§.#..# ...#. . ....
##...# ##.# #§.## ###..
#.. . ###. # . # # ..#


You could see 3 starcursed masses, a revenant, a wretched star, a flayed ghost,
2 thrashing horrors, a spectral stone giant, a neqoxec and an ufetubus.

Vanquished Creatures
  the Royal Jelly (Slime:5)
  3 ancient liches
  Sojobo (Vaults:5)
  2 greater mummies (Depths:4)
  Boris (Vaults:5)
  Frederick (Vaults:5)
  Margery (Depths:4)
  Bai Suzhen (Vaults:2)
  Vashnia (Snake:3)
  Xtahua (Vaults:2)
  the Lernaean hydra (Swamp:4)
  Geryon (Hell)
  3 bone dragons
  3 golden dragons
  Jory (Vaults:5)
  An iron giant (Zig:6)
  An electric golem (WizLab)
  Jorgrun (Snake:4)
  5 liches
  2 tentacled monstrosities (Vaults:5)
  A pandemonium lord (Zig:1)
  A hellephant (Abyss:3)
  A deep elf blademaster (Depths:2)
  The ghost of Slobodan the Fighter, an adept OgFE of Vehumet (Snake:2)
  14 acid blobs
  9 sphinxes
  3 quicksilver dragons (Vaults:5)
  4 titans (Vaults:5)
  3 thorn hunters
  Kirke (Snake:4)
  Gastronok (D:12)
  3 shadow dragons
  6 tentacled starspawn
  4 storm dragons
  Donald (Elf:1)
  12 tengu reavers
  8 nagarajas
  A draconian monk (Zig:8)
  14 fire giants
  8 azure jellies
  19 vault wardens
  16 frost giants
  The ghost of 4thArraOfDagon the Reanimator, a journeyman DsWn of Gozag (Orc:2)
  7 deep elf sorcerers
  2 draconian knights
  A balrug (Abyss:4)
  3 orc warlords
  A draconian shifter (Zig:8)
  Louise (Elf:3)
  An iron dragon (Depths:3)
  2 draconian annihilators
  2 deep elf elementalists (Elf:3)
  3 draconian stormcallers
  20 ironheart preservers
  3 war gargoyles
  2 reapers (Hell)
  3 entropy weavers
  17 very ugly things
  22 stone giants
  13 deep elf demonologists
  3 vampire knights
  Azrael (Orc:2)
  2 yellow draconians
  A green draconian (Zig:8)
  A white draconian (Depths:5)
  A red draconian (Volcano)
  2 purple draconians
  6 deep elf annihilators
  3 mummy priests (Depths:4)
  A green death (Depths:3)
  4 crystal guardians
  A death ooze (Slime:5)
  2 merfolk impalers (Depths:2)
  15 ettins
  Josephine (D:13)
  4 deep elf high priests
  11 fire dragons
  10 deep elf death magi
  13 yaktaur captains
  A monstrous demonspawn (Depths:3)
  6 rakshasas
  37 vault guards
  17 great orbs of eyes
  Erolcha (D:13)
  14 hydras
  15 naga warriors
  A catoblepas (Lair:6)
  5 spriggan air magi
  A ghost crab (Swamp:4)
  11 centaur warriors
  8 anacondas
  12 ice dragons
  23 ogre magi
  83 two-headed ogres
  4 death knights (Vaults:3)
  9 alligators
  10 deep troll shamans
  11 dancing weapons
  A vampire mage (Abyss:4)
  12 deep troll earth magi
  Urug (D:15)
  4 tengu warriors
  7 thrashing horrors
  9 hell hogs
  17 naga sharpshooters
  4 spriggan berserkers
  10 shock serpents
  2 orc high priests (Orc:2)
  4 sun demons
  16 deep elf knights
  Nergalle (Lair:4)
  A sixfirhy (Abyss:3)
  2 storm dragon zombies
  5 iron trolls
  A soul eater (Depths:1)
  2 sea snakes (Snake:2)
  3 salamander mystics
  9 skeletal warriors
  2 spatial maelstroms (Abyss:4)
  10 hell knights
  6 wretched stars
  A flayed ghost (Abyss:2)
  2 iron golems (WizLab)
  A shadow wraith (Vaults:2)
  4 spriggan druids (Swamp:4)
  20 large abominations
  45 deep trolls
  A shadow demon (Abyss:4)
  12 swamp dragons
  3 unseen horrors
  2 tengu zombies
  An obsidian statue (D:11)
  A swamp dragon (shapeshifter) (Vaults:5)
  A glowing orange brain (shapeshifter) (Zig:3)
  7 glowing orange brains
  A sea snake (shapeshifter) (Depths:2)
  3 shambling mangroves
  4 wizards
  5 naga ritualists
  A harpy (shapeshifter) (Depths:5)
  13 ironbrand convokers
  16 deep elf archers
  A sphinx zombie (Hell)
  16 harpies
  24 orc knights
  3 phantasmal warriors (Vaults:5)
  3 necromancers
  10 mana vipers
  An orb spider (shapeshifter) (Vaults:3)
  6 orc sorcerers
  61 deep elf magi
  A fire giant zombie (Hell)
  53 ugly things
  A manticore (D:13)
  9 salamanders
  2 stone giant zombies (Zig:6)
  8 wolf spiders
  A cyclops (shapeshifter) (Vaults:4)
  7 shining eyes
  2 moths of wrath (Zig:9)
  A tengu skeleton (Depths:4)
  8 cyclopes
  An ice statue (IceCv)
  4 worldbinders
  A faun (shapeshifter) (D:15)
  9 elephants
  6 guardian serpents
  2 centaur zombies
  27 black mambas
  2 rust devils (Hell)
  2 apocalypse crabs (Abyss:4)
  13 vault sentinels
  5 spectral swamp worms (Depths:1)
  7 eyes of devastation
  10 naga magi
  8 gargoyles
  A black mamba (shapeshifter) (Depths:4)
  2 hellions
  14 spiny frogs
  6 smoke demons
  6 komodo dragons
  A yaktaur (shapeshifter) (D:15)
  A rime drake (shapeshifter) (D:15)
  4 efreet
  3 rime drakes
  A komodo dragon (shapeshifter) (Vaults:2)
  62 yaktaurs
  6 hellwings
  A demonic crawler (Hell)
  6 freezing wraiths
  8 ice devils
  7 ancient zymes
  A harpy zombie (Vaults:1)
  3 tengu conjurers
  4 guardian mummies (Depths:4)
  11 trolls
  17 polar bears
  A merfolk (shapeshifter) (Vaults:2)
  A queen bee (Lair:1)
  7 tyrant leeches
  A polar bear (shapeshifter) (Depths:4)
  A hornet (shapeshifter) (D:15)
  2 tengu simulacra
  10 raiju
  2 jumping spiders
  13 blink frogs
  5 hippogriffs
  A raiju (shapeshifter) (Elf:2)
  22 hornets
  2 blink frogs (shapeshifter)
  14 bog bodies
  A dream sheep (shapeshifter) (Zig:5)
  6 dream sheep (Lair:6)
  A fire giant simulacrum (Abyss:3)
  83 slime creatures
  The ghost of VDreamerV the Changer, an amateur OpTm of Cheibriados (D:3)
  A spriggan zombie (Hell)
  A stone giant simulacrum (Vaults:1)
  3 redbacks (Vaults:1)
  2 air elementals
  A frost giant simulacrum (Vaults:3)
  Sigmund (D:3)
  A redback (shapeshifter) (Vaults:1)
  5 ynoxinuls
  19 spriggans
  2 shadows
  10 starcursed masses (Abyss:1)
  A tarantella (Vaults:5)
  10 wraiths
  A wyvern (Lair:5)
  7 water elementals
  2 hogs (Snake:4)
  5 neqoxecs
  7 fire elementals
  A hungry ghost (D:8)
  4 fire bats (Abyss:2)
  A yak (shapeshifter) (Vaults:4)
  57 yaks
  6 golden eyes
  58 nagas
  3 chaos spawn
  5 insubstantial wisps (Swamp:2)
  7 vampire mosquitoes
  17 swamp worms
  An acid dragon (D:12)
  2 spatial vortices (Abyss:4)
  9 wargs
  A soldier ant (shapeshifter) (D:15)
  5 hell hounds
  A soldier ant (D:12)
  14 water moccasins
  2 floating eyes (shapeshifter)
  2 floating eyes
  A porcupine (shapeshifter) (Vaults:1)
  5 porcupines
  52 orc warriors
  15 swamp drakes
  3 ice beasts
  A sky beast (shapeshifter) (Depths:4)
  2 eyes of draining (shapeshifter)
  3 eyes of draining (Slime:5)
  4 black bears
  5 sky beasts
  2 ettin simulacra
  An orc zombie (Vaults:1)
  4 phantoms
  57 ogres
  6 boggarts
  9 centaurs
  5 small abominations
  36 wolves
  A wolf (shapeshifter) (Elf:1)
  12 crocodiles
  A big kobold (shapeshifter) (Depths:2)
  4 big kobolds
  23 bullfrogs
  5 gnoll sergeants (D:9)
  8 earth elementals
  3 scorpions
  A human simulacrum (Vaults:3)
  17 wights
  20 killer bees
  4 howler monkeys
  5 electric eels
  3 bullfrog zombies
  6 crimson imps
  2 quasits
  3 bullfrog skeletons
  7 iron imps
  5 jellies
  25 orc priests
  3 centaur skeletons
  24 orc wizards
  Jessica (D:2)
  Ijyb (D:3)
  Natasha (thrice) (D:3)
  3 iguanas
  12 hell rats
  9 worker ants
  3 hound zombies
  2 hound skeletons
  A mummy (Depths:4)
  2 worker ant zombies
  5 gnolls
  A howler monkey skeleton (D:7)
  A gnoll (shapeshifter) (Vaults:3)
  A river rat (shapeshifter) (Depths:3)
  10 adders
  3 shadow imps
  A white imp (Abyss:1)
  4 ufetubi
  An ooze (D:1)
  An adder skeleton (D:5)
  6 worms
  10 leopard geckos
  104 orcs
  3 ball pythons
  9 bats
  9 giant cockroaches
  13 goblins
  15 hobgoblins
  16 jackals
  25 kobolds
  6 quokkas
  6 frilled lizards
  A giant cockroach zombie (D:5)
  A jackal zombie (D:6)
  9 rats
  7 starspawn tentacles
2518 creatures vanquished.

Vanquished Creatures (collateral kills)
  Mara (Snake:3)
  Nikola (Snake:4)
  2 liches
  Rupert (Orc:2)
  A Hell Sentinel (Zig:6)
  A tentacled monstrosity (Depths:3)
  A deep elf blademaster (Elf:3)
  A tentacled starspawn (Abyss:3)
  Frances (D:12)
  A shadow dragon (Depths:5)
  2 frost giants
  2 azure jellies (Slime:5)
  A nagaraja (Snake:4)
  A fire giant (Vaults:2)
  2 orc warlords (Depths:2)
  2 deep elf sorcerers
  2 vault wardens
  A war gargoyle (Zig:6)
  A very ugly thing (Vaults:1)
  A deep elf demonologist (Vaults:4)
  Nessos (Lair:5)
  A deep elf high priest (Elf:3)
  3 vault guards (D:13)
  3 hydras
  2 naga warriors
  An ogre mage (Vaults:1)
  2 deep troll shamans (Depths:5)
  A two-headed ogre (Vaults:1)
  A dancing weapon (Elf:1)
  An orc high priest (Orc:2)
  2 naga sharpshooters (Snake:1)
  2 deep troll earth magi
  2 deep elf knights (Elf:1)
  A wretched star (Abyss:3)
  A spriggan (Lair:6)
  A phantasmal warrior (Vaults:2)
  An orc knight (Depths:2)
  5 deep elf archers
  An orc sorcerer (Orc:2)
  6 deep elf magi
  2 black mambas
  A rust devil (Abyss:3)
  A naga mage (Snake:1)
  2 yaktaurs (Vaults:1)
  A troll (Orc:1)
  A hornet (Lair:6)
  A tarantella (Vaults:4)
  3 redbacks (Vaults:4)
  2 hungry ghosts
  3 nagas (Snake:1)
  A swamp worm (Swamp:4)
  A small abomination (Abyss:3)
  A porcupine (Lair:5)
  3 orc warriors (Orc:2)
  An eye of draining (Slime:5)
  3 ogres
  2 crocodiles
  2 bullfrogs
  An earth elemental (Elf:3)
  An orc priest (Orc:2)
  An orc wizard (Orc:2)
  An adder (Lair:2)
  6 orcs (Orc:2)
  3 starspawn tentacles (Abyss:3)
108 creatures vanquished.

Vanquished Creatures (others)
  2 deep elf master archers (Elf:3)
  A fire giant (Depths:1)
  2 stone giants
  A deep elf annihilator (Vaults:5)
  A vault guard (Vaults:5)
  3 centaur warriors
  A hell hog (Abyss:3)
  2 thrashing horrors (Abyss:4)
  A deep elf knight (Elf:3)
  A deep troll (Vaults:3)
  5 deep elf archers
  A deep elf mage (Vaults:4)
  A cyclops (Vaults:2)
  A smoke demon (Abyss:4)
  15 yaktaurs
  2 polar bears (IceCv)
  A bog body (Swamp:4)
  A spriggan (Swamp:2)
  A water elemental (Elf:1)
  A yak (IceCv)
  3 humans (Snake:4)
  A spatial vortex (Abyss:1)
  A starcursed mass (Abyss:1)
  4 wolves (IceCv)
  5 centaurs
  2 ogres (Vaults:5)
  An orc wizard (Vaults:3)
  6 hell rats
  A demonic plant (Abyss:4)
  6 fungi
  2 lurking horrors
  9 plants
  13 starspawn tentacles
98 creatures vanquished.

Grand Total: 2724 creatures vanquished

Notes
Turn   | Place    | Note
-------+----------+-------------------------------------------
     0 | D:1      | budo the Human Berserker began the quest for the Orb.
     0 | D:1      | Reached XP level 1. HP: 18/18 MP: 1/1
    60 | D:1      | Reached XP level 2. HP: 24/24 MP: 2/2
   189 | D:1      | Reached skill level 1 in Stealth
   687 | D:1      | Reached XP level 3. HP: 26/29 MP: 3/3
  1316 | D:2      | Reached XP level 4. HP: 35/35 MP: 4/4
  1335 | D:2      | Reached ** piety under Trog
  1609 | D:2      | Noticed Jessica
  1854 | D:3      | Noticed Ijyb
  1890 | D:3      | Noticed Sigmund
  2176 | D:2      | Killed Jessica
  2176 | D:2      | Reached XP level 5. HP: 41/41 MP: 5/5
  2219 | D:2      | Found a faded altar of an unknown god.
  2219 | D:2      | Found a glowing golden altar of the Shining One.
  2231 | D:2      | Found a faded altar of an unknown god.
  2233 | D:2      | Found a blossoming altar of Fedhas.
  2234 | D:2      | Found an ornate altar of the Wu Jian Council.
  2283 | D:3      | Killed Ijyb
  2459 | D:4      | Noticed George's ghost (amateur DsGl)
  2910 | D:3      | Reached XP level 6. HP: 47/47 MP: 6/6
  3121 | D:3      | Noticed VDreamerV's ghost (amateur OpTm)
  3124 | D:3      | Noticed Natasha
  3278 | D:3      | Killed Natasha
  3368 | D:3      | Noticed Natasha
  3375 | D:3      | Killed Natasha
  3375 | D:3      | Reached skill level 5 in Polearms
  3375 | D:3      | Reached skill level 1 in Shields
  3594 | D:3      | Noticed Natasha
  3603 | D:3      | Killed Natasha
  3663 | D:3      | Killed Sigmund
  3663 | D:3      | Reached XP level 7. HP: 52/52 MP: 7/7
  4910 | D:3      | Killed VDreamerV's ghost
  4910 | D:3      | Reached skill level 1 in Throwing
  5110 | D:4      | Found a deep blue altar of Sif Muna.
  5113 | D:4      | Found a radiant altar of Vehumet.
  5116 | D:5      | Entered Level 5 of the Dungeon
  5116 | D:5      | Found Buba's Jewellery Shop.
  5156 | D:5      | Reached XP level 8. HP: 60/60 MP: 8/8
  5262 | D:5      | Found a glowing drain.
  5374 | D:5      | Found a shattered altar of Ashenzari.
  5488 | D:4      | Found an opulent altar of Gozag.
  5661 | D:4      | Found a staircase to the Ecumenical Temple.
  6155 | D:5      | Found a basalt altar of Yredelemnul.
  6553 | D:5      | Reached XP level 9. HP: 65/65 MP: 9/9
  6580 | D:5      | Got an ebony trident
  6632 | D:4      | Found a shadowy altar of Dithmenos.
  7384 | D:6      | Found a stormy altar of Qazlal.
  7426 | D:6      | Reached skill level 5 in Stealth
  7621 | D:6      | Found a sacrificial altar of Ru.
  8207 | D:7      | Reached *** piety under Trog
  8213 | D:7      | Received a gift from Trog
  8722 | D:7      | Reached skill level 5 in Armour
  9028 | D:8      | Noticed a two-headed ogre
  9046 | D:8      | Killed a two-headed ogre
  9046 | D:8      | Reached XP level 10. HP: 71/71 MP: 10/10
 10207 | D:9      | Received a gift from Trog
 10233 | D:9      | Found a staircase to the Orcish Mines.
 10290 | D:8      | Reached skill level 5 in Throwing
 10382 | D:10     | Entered Level 10 of the Dungeon
 10637 | D:8      | Identified the +2 trident of the Foremost Lives {speed, +Inv MP+9 SInv Stlth-} (You found it on level 5 of the Dungeon)
 10645 | D:8      | Identified a scroll of acquirement
 10652 | D:8      | Upgraded the game from 0.22-a0-354-g30dfbe6 to 0.22-a0-355-g201945f
 10849 | D:9      | Reached skill level 10 in Polearms
 10864 | D:9      | Found an iron altar of Okawaru.
 10945 | D:9      | Noticed a two-headed ogre
 10960 | D:9      | Killed a two-headed ogre
 10960 | D:9      | Reached XP level 11. HP: 77/77 MP: 11/11
 11728 | D:9      | Found a bloodstained altar of Trog.
 11748 | D:9      | Found a burning altar of Makhleb.
 12158 | D:11     | Noticed a red ugly thing
 12189 | D:11     | Killed a red ugly thing
 12281 | D:11     | Noticed a red ugly thing
 12303 | D:11     | Killed a red ugly thing
 12624 | D:10     | Noticed a two-headed ogre
 12633 | D:10     | Killed a two-headed ogre
 12713 | D:10     | Reached **** piety under Trog
 13213 | D:10     | You fall through a shaft for 2 floors!
 13236 | D:12     | Noticed Gastronok
 13875 | D:10     | Noticed an eight-headed hydra
 14010 | D:10     | Found a staircase to the Lair.
 14057 | D:10     | Killed an eight-headed hydra
 14122 | D:11     | Reached XP level 12. HP: 83/83 MP: 12/12
 14921 | D:12     | Reached skill level 1 in Evocations
 15019 | D:12     | Noticed Frances
 15030 | D:12     | Killed Frances
 15292 | D:12     | Reached skill level 5 in Fighting
 15465 | D:13     | Noticed Erolcha
 15498 | D:13     | Noticed an eight-headed hydra
 16027 | D:12     | Killed Gastronok
 16340 | D:13     | Noticed Josephine
 16352 | D:13     | Killed Josephine
 16402 | D:14     | Noticed an unseen horror
 16418 | D:14     | Killed an unseen horror
 16577 | D:11     | Gained mutation: [Scrolls take you a little longer to read.] [a neqoxec]
 16793 | D:11     | Reached skill level 5 in Evocations
 16806 | D:11     | Got heavily runed gold dragon scales
 16817 | D:11     | Identified the +8 gold dragon scales of Woavvoju {rElec rPois rF+ rC+} (You found it on level 11 of the Dungeon)
 16933 | Lair:1   | Entered Level 1 of the Lair of Beasts
 17015 | Lair:1   | Found a frozen archway.
 17019 | Lair:1   | Reached XP level 13. HP: 95/95 MP: 16/16
 17115 | IceCv    | Entered an ice cave
 17934 | IceCv    | Reached ***** piety under Trog
 18062 | IceCv    | Noticed a frost giant
 18098 | IceCv    | Killed a frost giant
 18098 | IceCv    | Received a gift from Trog
 18598 | Lair:1   | Found a transporter.
 18761 | Lair:1   | Found a transporter.
 19137 | Lair:2   | Received a gift from Trog
 19348 | Lair:2   | Found a staircase to the Snake Pit.
 19378 | Lair:2   | Found a dark tunnel.
 19389 | Volcano  | Entered a volcano
 19412 | Volcano  | Noticed a red draconian
 19443 | Volcano  | Killed a red draconian
 19451 | Volcano  | Reached XP level 14. HP: 108/108 MP: 19/19
 20118 | Lair:2   | Received a gift from Trog
 20729 | Lair:3   | Reached skill level 15 in Polearms
 20864 | Lair:3   | Received a gift from Trog
 21104 | Lair:4   | Found a staircase to the Swamp.
 21152 | Lair:4   | Noticed Nergalle
 21173 | Lair:4   | Killed Nergalle
 21546 | Lair:4   | Found a hide-covered altar of Uskayaw.
 21889 | Lair:5   | Received a gift from Trog
 21916 | Lair:5   | Reached skill level 10 in Armour
 22276 | Lair:5   | Noticed Nessos
 22281 | Lair:5   | Killed Nessos
 22500 | Lair:6   | Entered Level 6 of the Lair of Beasts
 22913 | Lair:6   | Found a viscous altar of Jiyva.
 22913 | Lair:6   | Found a staircase to the Slime Pits.
 22964 | Lair:6   | Received a gift from Trog
 22995 | Lair:6   | Reached XP level 15. HP: 115/115 MP: 20/20
 23060 | Lair:6   | Reached skill level 10 in Fighting
 23571 | Lair:6   | Received a gift from Trog
 24042 | Orc:1    | Entered Level 1 of the Orcish Mines
 24250 | Orc:1    | Found a flagged portal.
 24261 | Bailey   | Entered a bailey
 24274 | Bailey   | Received a gift from Trog
 24466 | Bailey   | Got a pair of pitted boots
 24477 | Bailey   | Identified the cursed +0 pair of boots of Jucaff Zorcho {Str+4 Slay+2} (You found it in a bailey)
 24671 | Orc:1    | Found a roughly hewn altar of Beogh.
 24986 | Orc:2    | Entered Level 2 of the Orcish Mines
 25001 | Orc:2    | Received a gift from Trog
 25172 | Orc:2    | Found a roughly hewn altar of Beogh.
 25183 | Orc:2    | Found a staircase to the Elven Halls.
 25444 | Orc:2    | Noticed Rupert
 25449 | Orc:2    | Killed Rupert
 25469 | Orc:2    | Noticed 4thArraOfDagon's ghost (journeyman DsWn)
 25491 | Orc:2    | Noticed an orc warlord
 25493 | Orc:2    | Killed 4thArraOfDagon's ghost
 25570 | Orc:2    | Received a gift from Trog
 25635 | Orc:1    | Killed an orc warlord
 25793 | Orc:2    | Found a roughly hewn altar of Beogh.
 25801 | Orc:2    | Received a gift from Trog
 25923 | Orc:2    | Found Gufoqod's Antique Weapon Shoppe.
 25928 | Orc:2    | Found a roughly hewn altar of Beogh.
 25931 | Orc:2    | Found Utera's Antique Armour Emporium.
 26025 | Orc:2    | Noticed Azrael
 26031 | Orc:2    | Killed Azrael
 26085 | Orc:2    | Found a roughly hewn altar of Beogh.
 26089 | Orc:2    | Found Dedaib's Magic Scroll Shop.
 26287 | Orc:2    | Found a roughly hewn altar of Beogh.
 26306 | Orc:2    | Found Zeareiku's Gadget Shoppe.
 26383 | Orc:2    | Found a roughly hewn altar of Beogh.
 26499 | Orc:2    | Bought a pair of runed gloves for 262 gold pieces
 26510 | Orc:2    | Bought a pair of glowing gloves for 262 gold pieces
 26521 | Orc:2    | Bought a pair of runed gloves for 262 gold pieces
 26566 | Orc:2    | Bought a scroll of enchant armour for 97 gold pieces
 26566 | Orc:2    | Bought a scroll of enchant weapon for 97 gold pieces
 26566 | Orc:2    | Bought a scroll of magic mapping for 45 gold pieces
 26572 | Orc:2    | Bought a scroll of magic mapping for 45 gold pieces
 26842 | D:13     | Received a gift from Trog
 26992 | D:13     | Killed Erolcha
 27119 | D:9      | Got a distressingly furry plate armour
 27130 | D:9      | Identified the +3 plate armour "Moyhimn" {rElec rN++ MR- Int+4} (You acquired it on level 9 of the Dungeon)
 27269 | D:14     | Reached XP level 16. HP: 126/127 MP: 19/21
 27359 | D:14     | Received a gift from Trog
 27409 | D:14     | Found a portal to a secret trove of treasure.
 27511 | D:14     | Noticed Roxanne
 27730 | D:13     | Found a gate to the Vaults.
 27749 | D:13     | Reached skill level 5 in Dodging
 27933 | D:14     | Found Parriobi's General Store.
 28470 | D:15     | Entered Level 15 of the Dungeon
 28612 | D:15     | Noticed Urug
 28621 | D:15     | Killed Urug
 29364 | D:15     | Received a gift from Trog
 29626 | D:15     | Found a staircase to the Depths.
 29987 | Snake:1  | Entered Level 1 of the Snake Pit
 30300 | Snake:1  | Received a gift from Trog
 30335 | Snake:1  | Found an iron altar of Okawaru.
 30438 | Snake:1  | Reached XP level 17. HP: 136/136 MP: 22/22
 31124 | Snake:2  | Noticed Slobodan's ghost (adept OgFE)
 31140 | Snake:2  | Killed Slobodan's ghost
 31444 | Snake:2  | Found Adio's Jewellery Emporium.
 31466 | Snake:2  | Bought the ring "Quir" {rElec rF+ MR+} for 920 gold pieces
 31714 | Snake:2  | Found Ariadwo's General Store.
 31722 | Snake:2  | Bought a scroll of teleportation for 39 gold pieces
 31722 | Snake:2  | Bought a scroll of magic mapping for 45 gold pieces
 32789 | Snake:3  | Noticed Vashnia
 32930 | Snake:3  | Noticed Mara
 32947 | Snake:3  | Noticed budo's illusion
 32955 | Snake:3  | Killed Mara
 33019 | Snake:3  | Killed Vashnia
 33019 | Snake:3  | Reached XP level 18. HP: 145/145 MP: 18/23
 33577 | Snake:4  | Entered Level 4 of the Snake Pit
 33687 | Snake:4  | Received a gift from Trog
 33951 | Snake:4  | Reached skill level 10 in Dodging
 34673 | Snake:4  | Noticed Jorgrun
 34686 | Snake:4  | Killed Jorgrun
 34737 | Snake:4  | Noticed Kirke
 34748 | Snake:4  | Killed Kirke
 35693 | Snake:4  | Noticed Nikola
 35709 | Snake:4  | Killed Nikola
 35768 | Snake:4  | Got a serpentine rune of Zot
 36094 | Swamp:1  | Entered Level 1 of the Swamp
 36675 | Swamp:1  | Received a gift from Trog
 37016 | Swamp:2  | Reached XP level 19. HP: 122/153 MP: 19/24
 38504 | Swamp:3  | Received a gift from Trog
 38655 | Swamp:4  | Entered Level 4 of the Swamp
 39074 | Swamp:4  | Received a gift from Trog
 39245 | Swamp:4  | Reached skill level 15 in Fighting
 39593 | Swamp:4  | Noticed the 27-headed Lernaean hydra
 39608 | Swamp:3  | Received a gift from Trog
 39904 | Swamp:4  | Received a gift from Trog
 39977 | Swamp:4  | Killed the 26-headed Lernaean hydra
 39998 | Swamp:4  | Got a decaying rune of Zot
 40354 | Elf:1    | Entered Level 1 of the Elven Halls
 40414 | Elf:1    | Received a gift from Trog
 40585 | Elf:1    | Reached XP level 20. HP: 160/162 MP: 23/25
 40694 | Elf:1    | Identified the +2 pair of boots of the Shining Light {rElec} (You found it on level 1 of the Elven Halls)
 40711 | Elf:1    | Received a gift from Trog
 40855 | Elf:1    | Noticed Donald
 40875 | Elf:1    | Killed Donald
 40928 | Elf:1    | Identified a +2 pair of boots of running (You found it on level 1 of the Elven Halls)
 41382 | Elf:2    | Reached skill level 10 in Throwing
 41761 | Elf:2    | Found a runed gate.
 41761 | Elf:2    | Found a runed gate.
 41761 | Elf:2    | Found a runed gate.
 41896 | Elf:3    | Entered Level 3 of the Elven Halls
 42001 | Elf:3    | Received a gift from Trog
 42064 | Elf:3    | Noticed Louise
 42137 | Elf:3    | Killed Louise
 42234 | Elf:3    | Found Hoiraic's Gadget Emporium.
 42676 | Elf:3    | Reached skill level 5 in Shields
 42986 | Elf:3    | Identified the +8 crystal plate armour of Midnight {rC- MR+ Str+5 SInv} (You took it off a deep elf high priest on level 3 of the Elven Halls)
 43223 | Elf:3    | Reached XP level 21. HP: 159/169 MP: 20/26
 43561 | Elf:3    | Identified the +0 pair of gloves "Ocsaom" {Int+3} (You found it on level 3 of the Elven Halls)
 43950 | Vaults:1 | Entered Level 1 of the Vaults
 44010 | Vaults:1 | Paralysed by a floating eye for 2 turns
 44016 | Vaults:1 | Reached skill level 10 in Shields
 44189 | Vaults:1 | Received a gift from Trog
 45238 | Vaults:1 | Received a gift from Trog
 45441 | Vaults:2 | Found Tuyfuj's Magic Scroll Boutique.
 45447 | Vaults:2 | Bought a scroll of enchant armour for 135 gold pieces
 45449 | Vaults:2 | Bought a scroll of enchant armour for 135 gold pieces
 45451 | Vaults:2 | Bought a scroll of acquirement for 936 gold pieces
 45453 | Vaults:2 | Got a scorched jade ring
 45456 | Vaults:2 | Identified the ring "Juommuti" {rElec Str+6 Int+3 Dex-2} (You acquired it on level 2 of the Vaults)
 45480 | Vaults:2 | Received a gift from Trog
 45508 | Vaults:2 | Got a twisted halberd {god gift}
 45511 | Vaults:2 | Identified the +5 halberd of Expedience {flame, *Noise rC+++ Stlth+} (Trog gifted it to you on level 2 of the Vaults)
 45810 | Vaults:2 | Reached XP level 22. HP: 176/176 MP: 27/27
 46411 | Vaults:2 | Noticed Bai Suzhen
 46480 | Vaults:2 | Reached skill level 15 in Shields
 46502 | Vaults:2 | Killed Bai Suzhen
 46774 | Vaults:2 | Received a gift from Trog
 47018 | Vaults:2 | Noticed Xtahua
 47030 | Vaults:2 | Killed Xtahua
 47784 | Vaults:3 | Reached XP level 23. HP: 173/182 MP: 23/28
 47848 | Vaults:3 | Found Xejoas's Antique Armour Emporium.
 47856 | Vaults:3 | Bought a pair of polished boots for 275 gold pieces
 47858 | Vaults:3 | Identified the +2 pair of boots of Inug {Int+3} (You bought it in a shop on level 3 of the Vaults)
 48003 | Vaults:3 | Received a gift from Trog
 48249 | Vaults:3 | Found a staircase to the Crypt.
 48263 | Vaults:3 | Received a gift from Trog
 48564 | Vaults:3 | Received a gift from Trog
 49802 | Vaults:4 | Received a gift from Trog
 50057 | Vaults:4 | Identified the +3 spear of Getef {pierce, rF- Int+7} (You acquired it on level 4 of the Vaults)
 50285 | Vaults:4 | Reached XP level 24. HP: 189/189 MP: 28/28
 50337 | Vaults:4 | Reached ****** piety under Trog
 50492 | Vaults:4 | Received a gift from Trog
 51246 | Vaults:2 | Bought a scroll of fear for 63 gold pieces
 51246 | Vaults:2 | Bought a scroll of fear for 63 gold pieces
 51246 | Vaults:2 | Bought a scroll of identify for 36 gold pieces
 51246 | Vaults:2 | Bought a scroll of teleportation for 54 gold pieces
 51246 | Vaults:2 | Bought a scroll of holy word for 135 gold pieces
 51246 | Vaults:2 | Bought a scroll of fog for 36 gold pieces
 51389 | Depths:1 | Entered Level 1 of the Depths
 51456 | Depths:1 | Found a glowing golden altar of the Shining One.
 51650 | Depths:1 | Received a gift from Trog
 51846 | Depths:1 | Received a gift from Trog
 51890 | Depths:1 | Found a gateway to Hell.
 52280 | Depths:1 | Received a gift from Trog
 52890 | Depths:2 | Identified the amulet "Agriv" {Reflect rC+ SH+3} (You acquired it on level 2 of the Depths)
 53071 | Depths:2 | Reached XP level 25. HP: 188/197 MP: 25/28
 53139 | Depths:2 | Received a gift from Trog
 53331 | Depths:2 | Received a gift from Trog
 53417 | Depths:2 | Found an iron altar of Okawaru.
 53654 | Depths:2 | Received a gift from Trog
 54707 | Depths:3 | Found a one-way gate to the infinite horrors of the Abyss.
 54749 | Depths:3 | Reached skill level 1 in Axes
 54816 | Depths:3 | Found a one-way gate leading to the halls of Pandemonium.
 55075 | Depths:3 | Paralysed by a floating eye for 4 turns
 55303 | Depths:4 | Received a gift from Trog
 55589 | Depths:4 | Reached skill level 5 in Axes
 55829 | Depths:4 | Reached XP level 26. HP: 209/209 MP: 28/28
 55883 | Depths:4 | Noticed Margery
 55919 | Depths:4 | Killed Margery
 56280 | Depths:4 | Found a gateway to a ziggurat.
 56286 | Depths:4 | Paralysed by a floating eye for 2 turns
 56945 | Depths:4 | Noticed a greater mummy
 56994 | Depths:4 | Killed a greater mummy
 57111 | Depths:4 | Noticed a greater mummy
 57177 | Depths:4 | Killed a greater mummy
 57331 | Depths:5 | Entered Level 5 of the Depths
 57339 | Depths:5 | Received a gift from Trog
 57349 | Depths:5 | Reached skill level 10 in Axes
 57421 | Depths:5 | Received a gift from Trog
 57502 | Depths:5 | Found a magical portal.
 57579 | WizLab   | Entered Doroklohe's Tomb
 57635 | WizLab   | Lost mutation: [Scrolls take you a little longer to read.] [potion of mutation]
 57635 | WizLab   | Gained mutation: Your mind is acute. (Int +2) [potion of mutation]
 57635 | WizLab   | Gained mutation: You are agile. (Dex +2) [potion of mutation]
 57635 | WizLab   | Gained mutation: You have large cloven feet. [potion of mutation]
 57635 | WizLab   | Gained mutation: You expend magic power (3 MP) to strengthen your wands. [potion of mutation]
 58922 | Depths:5 | Received a gift from Trog
 58958 | Depths:5 | Identified the +8 glaive of Tumult {chop, *Noise rPois rF+++ Str-5} (Trog gifted it to you on level 5 of the Depths)
 59084 | Depths:5 | Found a gate to the Realm of Zot.
 59870 | Zig:1    | Entered Level 1 of a ziggurat
 59870 | Zig:1    | Noticed Ommes the pandemonium lord
 59882 | Zig:1    | Killed Ommes the pandemonium lord
 59936 | Zig:2    | Entered Level 2 of a ziggurat
 59950 | Zig:2    | Reached XP level 27. HP: 211/211 MP: 19/28
 59960 | Zig:2    | Got a heavily runed brass ring
 59967 | Zig:2    | Identified the ring "Numoafup" {MP+9 EV+2} (You found it on level 2 of a ziggurat)
 59997 | Zig:3    | Entered Level 3 of a ziggurat
 60018 | Zig:3    | Reached skill level 15 in Axes
 60035 | Zig:3    | Got a bound copper ring
 60042 | Zig:3    | Identified the ring "Zyol" {Ice Str+8} (You found it on level 3 of a ziggurat)
 60072 | Zig:4    | Entered Level 4 of a ziggurat
 60147 | Zig:5    | Entered Level 5 of a ziggurat
 60232 | Zig:6    | Entered Level 6 of a ziggurat
 60301 | Zig:7    | Entered Level 7 of a ziggurat
 60315 | Zig:7    | Received a gift from Trog
 60331 | Zig:7    | Identified the Guide on Fiery Transmigration
 60379 | Zig:8    | Entered Level 8 of a ziggurat
 60403 | Zig:8    | Reached skill level 15 in Armour
 60509 | Zig:9    | Entered Level 9 of a ziggurat
 60563 | Zig:9    | Received a gift from Trog
 61030 | Vaults:1 | Received a gift from Trog
 61321 | Vaults:5 | Entered Level 5 of the Vaults
 61321 | Vaults:5 | Noticed Sojobo
 61344 | Vaults:5 | Killed Sojobo
 61368 | Vaults:5 | Noticed an ancient lich
 61403 | Vaults:5 | Received a gift from Trog
 61404 | Vaults:5 | Killed an ancient lich
 61446 | Vaults:5 | Noticed Boris
 61480 | Vaults:5 | Killed Boris
 61533 | Vaults:5 | Received a gift from Trog
 61592 | Vaults:5 | Noticed Jory
 61630 | Vaults:5 | Killed Jory
 61645 | Vaults:5 | Received a gift from Trog
 62052 | Vaults:5 | Noticed Frederick
 62063 | Vaults:5 | Noticed an ancient lich
 62079 | Vaults:5 | Killed Frederick
 62141 | Vaults:5 | Killed an ancient lich
 62164 | Vaults:5 | Received a gift from Trog
 62809 | Vaults:5 | Got a silver rune of Zot
 62812 | Vaults:5 | Identified the Guide on Fiery Confrontation
 63842 | Hell     | Entered the Vestibule of Hell
 63842 | Hell     | Noticed Geryon
 63851 | Hell     | Received a gift from Trog
 64034 | Hell     | Killed Geryon
 64370 | D:14     | You paid a toll of the horn of Geryon to enter a treasure trove
 64371 | Trove    | Entered a treasure trove
 64391 | Trove    | Got a wavering ivory ring
 64418 | Trove    | Got a smoking ivory ring
 64422 | Trove    | Got a clouded gossamer ring
 64424 | Trove    | Identified the ring of Ycsurue {+Fly rF- AC+1 SInv} (You found it in a treasure trove)
 64425 | Trove    | Identified the ring "Rimin" {Fire +Fly Int+6 Dex-4} (You found it in a treasure trove)
 64426 | Trove    | Identified the ring of the Establishment {*Corrode rPois rN+ Str+2} (You found it in a treasure trove)
 64431 | Trove    | Got a warped lapis lazuli ring
 64433 | Trove    | Got a flickering tin ring
 64435 | Trove    | Identified the ring of Gememuv {rPois Str+2 Stlth+} (You found it in a treasure trove)
 64436 | Trove    | Identified the ring "Peam" {rElec rF+ MR+ Int+3} (You found it in a treasure trove)
 64696 | Slime:1  | Entered Level 1 of the Pits of Slime
 64747 | Lair:6   | Received a gift from Trog
 64774 | Slime:1  | Gained mutation: [Scrolls take you a little longer to read.] [a shining eye]
 64847 | Slime:2  | Gained mutation: [You are frail. (-10% HP)] [a shining eye]
 64851 | Slime:2  | Gained mutation: Your magical capacity is low. (-10% MP) [a shining eye]
 64987 | Slime:4  | Gained mutation: Your magical capacity is very low. (-20% MP) [a shining eye]
 64989 | Slime:4  | Gained mutation: You occasionally shout uncontrollably at your foes. [a shining eye]
 64992 | Slime:4  | Lost mutation: You are agile. (Dex +2) [a shining eye]
 64996 | Slime:4  | Gained mutation: [You are clumsy. (Dex -2)] [a shining eye]
 64998 | Slime:4  | Gained mutation: [Scrolls take you longer to read.] [a shining eye]
 65002 | Slime:4  | Gained mutation: Armour fits poorly on your strangely shaped body. [a shining eye]
 65006 | Slime:4  | Received a gift from Trog
 65035 | Slime:5  | Entered Level 5 of the Pits of Slime
 65443 | Slime:5  | Gained mutation: [Your body sometimes deteriorates upon taking damage.] [a shining eye]
 65485 | Slime:5  | Received a gift from Trog
 65577 | Slime:5  | Found a viscous altar of Jiyva.
 65594 | Slime:5  | Noticed the Royal Jelly
 65611 | Slime:5  | Killed the Royal Jelly
 65665 | Slime:5  | Identified the amulet of Hynodoim {Faith Int+3 SInv} (You found it on level 5 of the Pits of Slime)
 65703 | Slime:5  | Identified the Handbook of Fiery Intoxication
 65714 | Slime:5  | Got a slimy rune of Zot
 66145 | Depths:3 | Voluntarily entered the Abyss.
 66148 | Abyss:1  | Found a corrupted altar of Lugonu.
 66159 | Abyss:1  | Found a corrupted altar of Lugonu.
 66347 | Abyss:1  | Reached skill level 10 in Evocations
 66381 | Abyss:1  | Received a gift from Trog
 66480 | Abyss:1  | Found a corrupted altar of Lugonu.
 66540 | Abyss:1  | Found a corrupted altar of Lugonu.
 66820 | Abyss:2  | Found a corrupted altar of Lugonu.
 66938 | Abyss:3  | Received a gift from Trog
 67296 | Depths:3 | Escaped the Abyss
 67441 | Depths:3 | Voluntarily entered the Abyss.
 67480 | Abyss:1  | Noticed an ancient lich
 67512 | Abyss:1  | Killed an ancient lich
 67694 | Abyss:3  | Found a basalt altar of Yredelemnul.
 67836 | Depths:3 | Escaped the Abyss
 68103 | Depths:3 | Voluntarily entered the Abyss.
 68113 | Abyss:1  | Received a gift from Trog
 68791 | Abyss:4  | Received a gift from Trog
 68807 | Abyss:4  | Found a runed door.
 68808 | Abyss:4  | Found a runed door.
 68810 | Abyss:4  | Found a runed door.
 68810 | Abyss:4  | Found a runed door.
 68812 | Abyss:4  | Found a runed door.
 68815 | Abyss:4  | Found a runed door.
 68816 | Abyss:4  | Found a runed door.
 68820 | Abyss:4  | Found a corrupted altar of Lugonu.
 69100 | Abyss:4  | Paralysed by you for 7 turns
 69100 | Abyss:4  | Lost mutation: Your mind is acute. (Int +2) [a neqoxec]
 69109 | Abyss:4  | HP: 5/159 [revenant/ghostly fireball (25)]
 69109 | Abyss:4  | HP: 1/159 [flayed ghost (4)]
 69109 | Abyss:4  | Killed from afar by a starcursed mass

Vault maps used:
D:1:      kilobyte_arrival_exit_the_forest
D:2:      chequers_temple_overflow_minitemple, first_ration, uniq_jessica
D:3:      uniq_natasha, uniq_sigmund, uniq_ijyb
D:4:      nicolae_gozag_seed_capital, nicolae_overflow_hidden_temple,
          minmay_temple_entry_hall, hangedman_abyss_or_decor_stabs
D:5:      yredelemnul_altar_generic, evilmike_ruin_ashenzari,
          portal_sewer_entry_f, serial_shops,
          nicolae_shop_competitors_out_of_business, minmay_misc_feat_iff,
          minmay_divided_ellipse
D:6:      nicolae_ru_the_path_less_chosen, old_standard_altar
D:8:      blue_anna_alchemist
D:9:      bloody_trog, makhleb_grotto_becter,
          kennysheep_orc_monster_closet_entryway, basic_altar
D:10:     lair_entry_dummy
D:11:     minmay_protected_statue
D:12:     uniq_frances, uniq_gastronok
D:13:     erik_vaults_2, uniq_josephine, uniq_erolcha
D:14:     nicolae_trove_entry_free_sample, serial_shops, nicolae_shop_stone,
          uniq_roxanne
D:15:     grunt_enter_depths_snipers, minmay_misc_feat_nine_boxes, uniq_urug
Lair:1:   gammafunk_cloud_chamber, special_room, portal_ice_cave_rime,
          nicolae_quartered_pool_little
Lair:2:   minmay_snake_entry_six_corridors, nicolae_volcano_entry_two_sided,
          grunt_megastairs_2, infiniplex_staircase_pool
Lair:3:   grunt_megastairs_4
Lair:4:   swamp_mist_pool, basic_altar, serial_bayou_shore_a, uniq_nergalle
Lair:5:   uniq_nessos
Lair:6:   minmay_lair_end_enchanted_forest, dpeg_slime_entry_enclosed_altar
Swamp:1:  nicolae_swamp_very_dense_foliage
Swamp:2:  evilmike_swamp_ruin_rubble_1
Swamp:3:  evilmike_swamp_ruin_house_2
Swamp:4:  grunt_swamp_rune_castle, hangedman_swamp_blocks
Snake:1:  basic_altar
Snake:2:  serial_shops, shop, shop, serial_bayou_ford_a
Snake:3:  uniq_mara, uniq_vashnia
Snake:4:  minmay_snake_end_coiled, uniq_nikola, uniq_kirke, uniq_jorgrun
Slime:1:  cheibrodos_slime_lost_civilization_7
Orc:1:    basic_altar, enter_bailey_3
Orc:2:    grunt_orc_community_town_hall, grunt_orc_community_big_house_2,
          grunt_orc_community_big_house_2, grunt_orc_community_house_1,
          grunt_orc_community_house_3, grunt_orc_community_house_2,
          grunt_orc_community_house_2, grunt_orc_community_house_2, uniq_rupert,
          uniq_azrael
Elf:1:    minmay_elf_arrival_plus, kennysheep_underground_church, uniq_donald
Elf:3:    minmay_elf_hall_not_hex, serial_shops, shop, uniq_louise
Vaults:1: v_misc_12, grunt_vaults_bifocal, v_alt_pattern_6,
          nicolae_vaults_bisected_slash, nicolae_vaults_puzzle_piece,
          vaults_standard_mumra_lines, grunt_vaults_focal,
          ontoclasm_vaults_ligature, nicolae_vaults_stairing_the_circle,
          vaults_dpeg_cross, ontoclasm_vaults_twist, ontoclasm_vaults_chip,
          nicolae_vaults_diagonal_hallway_8, nicolae_vaults_diagonal_hallway_6,
          nicolae_vaults_specimen_jars
Vaults:2: nicolae_vaults_circle_grid_b, vaults_standard_mumra_enter_the_diamond,
          ontoclasm_vaults_hangar, hangedman_vaults_nails,
          nicolae_vaults_hallways_thing, vaults_mumra_chevron, st_greater_box_4,
          v_rooms_2, ontoclasm_vaults_shuriken, v_misc_27, vaults_dpeg_hooks,
          serial_shops, shop_fountains, uniq_bai_suzhen, uniq_xtahua
Vaults:3: hangedman_vaults_corner, minmay_crypt_entry_simple_statues,
          nicolae_vaults_little_squares_1, nicolae_vaults_murderbox,
          v_alt_pattern_5, vaults_room_stairs_pillars,
          vaults_room_grunt_arrival_ludios, nicolae_vaults_diagonal_hallway_7,
          nicolae_vaults_circle_grid_b, nicolae_vaults_asterisk,
          hangedman_vaults_impose, grunt_vaults_hallway_short,
          vaults_mumra_minichess, nicolae_vaults_mini_display_case,
          serial_shops, shop
Vaults:4: v_rooms_4, nicolae_vaults_little_squares_2,
          nicolae_vaults_network_square, v_alt_pattern_1,
          ontoclasm_vaults_ring_small, vaults_room_ringed_pool,
          vaults_room_semicircle, v_misc_27, v_misc_30, vaults_mumra_bighexcomb,
          ontoclasm_vaults_gateway, nicolae_vaults_rhombus_6
Vaults:5: uniq_sojobo, uniq_margery, uniq_frederick, uniq_jory, uniq_boris
Depths:1: pf_hell_entry_tar_river, kennysheep_decorative_pillar, tso_metal_star,
          grunt_megastairs_1, serial_bayou_shore_b
Depths:2: evilmike_iron_armoury, hellmouth_1, kennysheep_minor_cross
Depths:3: hangedman_cross_stitches, rand_demon_pan_entry_5,
          hangedman_abyss_or_decor_jellyfish_corner, pf_hell_entry_great_geh,
          abyss_entry
Depths:4: ragdoll_tomb_raider, enter_ziggurat_a, abyss_entry,
          nrook_mini_backslash, grunt_metal_band
Depths:5: evilmike_zot_entry_diamond, mu_enter_wizlab_2,
          grunt_hell_entry_dis_grunt, abyss_entry
Abyss:1:  hangedman_abyss_stitches_cave, lemuel_flamethrower_2
Abyss:2:  evilmike_abyss_exit_10, guppyfry_abyss_exit_spiral_guarded
Abyss:3:  minivault_28
Abyss:4:  evilmike_abyss_exit_9, serial_sigils_hangedman_snap
Zig:7:    ziggurat_pillar_centre_c
Trove:    trove_jewel_1
Bailey:   bailey_axe_4, bailey
IceCv:    ice_cave_caverns_02
Volcano:  volcano_pools
WizLab:   wizlab_doroklohe

Skill      XL: |  1  2  3  4  5  6  7  8  9 10 11 12 13 14 15 16 17 18 19 20 21 22 23 24 25 26 27 |
---------------+----------------------------------------------------------------------------------+-----
Stealth        | 1 2 3 4 6 |  6.6
Polearms       | 4 5 6 8 10 13 14 16 17 18 19 20 21 | 21.6
Shields        | 2 4 8 13 17 20 21 | 21.6
Dodging        | 3 4 7 9 10 11 12 | 12.1
Armour         | 3 4 5 6 7 9 10 11 12 13 14 15 | 15.0
Throwing       | 1 2 4 5 6 9 10 | 10.4
Fighting       | 4 6 9 11 13 14 15 16 17 21 | 21.3
Evocations     | 5 7 11 | 11.0
Axes           | 6 14 21 | 21.8

Action                   |  1- 3 |  4- 6 |  7- 9 | 10-12 | 13-15 | 16-18 | 19-21 | 22-24 | 25-27 || total
-------------------------+-------+-------+-------+-------+-------+-------+-------+-------+-------++-------
Melee: Spear             |   119 |   185 |   506 |   100 |       |       |       |       |       ||   910
       Trident           |       |       |       |   674 |   797 |       |       |       |       ||  1471
       Halberd           |       |       |       |       |  1083 |  1202 |   534 |       |       ||  2819
       Demon trident     |       |       |       |       |       |       |  1285 |  2486 |  1813 ||  5584
       Battleaxe         |       |       |       |       |       |       |       |       |  1788 ||  1788
 Fire: Hunting sling     |       |    39 |    61 |       |       |       |       |       |       ||   100
Throw: Stone             |       |    47 |     8 |     4 |       |       |       |       |       ||    59
       Javelin           |       |       |    37 |    55 |    11 |    18 |    24 |    18 |    58 ||   221
       Tomahawk          |       |       |       |    13 |    54 |    11 |    62 |       |    10 ||   150
Invok: Berserk           |     2 |    10 |    14 |    28 |    18 |    20 |    10 |     9 |    20 ||   131
       Trog's Hand       |       |     5 |     5 |     1 |     8 |     9 |     9 |     2 |    31 ||    70
       Brothers in Arms  |       |       |       |     2 |     9 |     8 |    12 |     7 |    15 ||    53
 Abil: Evoke Invisibilit |       |       |       |     1 |       |       |       |       |       ||     1
Evoke: Wand              |       |     2 |       |     7 |    32 |     3 |    78 |     1 |     9 ||   132
       Lamp of fire      |       |       |       |       |     1 |       |       |       |       ||     1
       Box of beasts     |       |       |       |       |       |     1 |       |     2 |     2 ||     5
       Phantom mirror    |       |       |       |       |       |       |     1 |       |       ||     1
       Sack of spiders   |       |       |       |       |       |       |       |     1 |     2 ||     3
       Lightning rod     |       |       |       |       |       |       |       |       |     1 ||     1
  Use: Scroll            |       |     3 |       |    31 |    14 |    12 |    22 |     8 |    36 ||   126
       Potion            |       |     2 |     1 |       |     1 |     1 |       |       |    22 ||    27
 Stab: Sleeping          |     5 |     3 |     1 |     3 |       |       |       |       |       ||    12
       Distracted        |       |       |       |     1 |       |     2 |     1 |       |     7 ||    11
       Invisible         |       |       |       |     1 |       |       |       |       |       ||     1
       Paralysed         |       |       |       |       |       |     3 |     3 |       |       ||     6
       Petrifying        |       |       |       |       |       |       |     3 |       |     1 ||     4
  Eat: Chunk             |     3 |     7 |    17 |    28 |    47 |    18 |    27 |    32 |    42 ||   221
       Ration            |       |     3 |     6 |     7 |     3 |    12 |     7 |     1 |    16 ||    55
Armor: Animal skin       |    12 |     7 |       |       |       |       |       |       |       ||    19
       Ring mail         |       |     5 |    10 |       |       |       |       |       |       ||    15
       Scale mail        |       |       |   100 |    14 |       |       |       |       |       ||   114
       Plate armour      |       |       |       |   111 |       |       |       |       |       ||   111
       Gold dragon scale |       |       |       |     5 |   734 |   469 |   728 |   700 |  1996 ||  4632
       Skin              |       |       |       |       |       |       |       |       |    19 ||    19
Dodge: Dodged            |    34 |    44 |   150 |    84 |   341 |   267 |   410 |   441 |  1292 ||  3063
Block: Buckler           |       |     3 |    64 |    50 |    53 |       |       |       |       ||   170
       Shield            |       |       |       |       |       |       |   400 |  1262 |   922 ||  2584
       Reflection        |       |       |       |       |       |       |    40 |   116 |    65 ||   221

Table legend:
 A = Spawn XP
 B = Non-spawn XP
 C = Spawn XP percentage of total XP
 D = Spawn monster count
 E = Non-spawn monster count
 F = Spawn count percentage of total count
 G = Total turns spent on level
                    A         B        C        D         E        F      G
               +---------+---------+-------+---------+---------+-------+---------
         Total |   47409 | 1512197 |   3.0 |      86 |    2568 |   3.2 | 69109
               +---------+---------+-------+---------+---------+-------+---------
           D:1 |       0 |      52 |   0.0 |       0 |      21 |   0.0 |  1135
           D:2 |       0 |     117 |   0.0 |       0 |      26 |   0.0 |  1924
           D:3 |       0 |     752 |   0.0 |       0 |      38 |   0.0 |  1908
           D:4 |       0 |     228 |   0.0 |       0 |       4 |   0.0 |   828
           D:5 |       0 |    1040 |   0.0 |       0 |      35 |   0.0 |  1163
           D:6 |       0 |     621 |   0.0 |       0 |      15 |   0.0 |  1048
           D:7 |       0 |     755 |   0.0 |       0 |      20 |   0.0 |   958
           D:8 |       0 |    1553 |   0.0 |       0 |       9 |   0.0 |  1229
           D:9 |       0 |    3799 |   0.0 |       0 |      43 |   0.0 |  2066
          D:10 |       0 |    3623 |   0.0 |       0 |      22 |   0.0 |  1548
          D:11 |       0 |    4191 |   0.0 |       0 |      25 |   0.0 |  2044
          D:12 |       0 |    6782 |   0.0 |       0 |      23 |   0.0 |  1761
          D:13 |       0 |   12838 |   0.0 |       0 |      31 |   0.0 |   911
          D:14 |       0 |    7073 |   0.0 |       0 |      23 |   0.0 |  1073
          D:15 |       0 |   21824 |   0.0 |       0 |      52 |   0.0 |  1518
        Lair:1 |       0 |    5160 |   0.0 |       0 |      39 |   0.0 |  1172
        Lair:2 |       0 |    5786 |   0.0 |       0 |      35 |   0.0 |  1233
        Lair:3 |       0 |    4638 |   0.0 |       0 |      17 |   0.0 |   639
        Lair:4 |       0 |    6133 |   0.0 |       0 |      25 |   0.0 |   883
        Lair:5 |       0 |    4237 |   0.0 |       0 |      18 |   0.0 |   658
        Lair:6 |       0 |   17735 |   0.0 |       0 |      83 |   0.0 |  1453
       Swamp:1 |       0 |    5943 |   0.0 |       0 |      12 |   0.0 |   848
       Swamp:2 |       0 |   14961 |   0.0 |       0 |      38 |   0.0 |   920
       Swamp:3 |       0 |   13430 |   0.0 |       0 |      34 |   0.0 |  1119
       Swamp:4 |       0 |   30120 |   0.0 |       0 |      52 |   0.0 |  1208
       Snake:1 |       0 |   18145 |   0.0 |       0 |      39 |   0.0 |  1191
       Snake:2 |       0 |   16844 |   0.0 |       0 |      29 |   0.0 |  1033
       Snake:3 |       0 |   37370 |   0.0 |       0 |      49 |   0.0 |  1493
       Snake:4 |       0 |   43072 |   0.0 |       0 |      66 |   0.0 |  2336
       Slime:1 |       0 |    7692 |   0.0 |       0 |      16 |   0.0 |   133
       Slime:2 |       0 |    8179 |   0.0 |       0 |      15 |   0.0 |    59
       Slime:3 |       0 |    5416 |   0.0 |       0 |      15 |   0.0 |    97
       Slime:4 |       0 |    9158 |   0.0 |       0 |      14 |   0.0 |   208
       Slime:5 |       0 |   58632 |   0.0 |       0 |      50 |   0.0 |   615
         Orc:1 |       0 |    5173 |   0.0 |       0 |      41 |   0.0 |   887
         Orc:2 |       0 |   13715 |   0.0 |       0 |     115 |   0.0 |  1421
         Elf:1 |       0 |   26707 |   0.0 |       0 |      45 |   0.0 |  1019
         Elf:2 |       0 |   19299 |   0.0 |       0 |      32 |   0.0 |   679
         Elf:3 |       0 |   60129 |   0.0 |       0 |      58 |   0.0 |  1732
      Vaults:1 |       0 |   67544 |   0.0 |       0 |     119 |   0.0 |  1878
      Vaults:2 |       0 |   99921 |   0.0 |       0 |     105 |   0.0 |  2549
      Vaults:3 |       0 |   69694 |   0.0 |       0 |     114 |   0.0 |  2078
      Vaults:4 |       0 |   67460 |   0.0 |       0 |     105 |   0.0 |  1562
      Vaults:5 |       0 |  217610 |   0.0 |       0 |     162 |   0.0 |  2194
      Depths:1 |       0 |   52671 |   0.0 |       0 |      76 |   0.0 |  1674
      Depths:2 |       0 |   74323 |   0.0 |       0 |      95 |   0.0 |  1634
      Depths:3 |       0 |   43592 |   0.0 |       0 |      50 |   0.0 |  1438
      Depths:4 |       0 |   73819 |   0.0 |       0 |      70 |   0.0 |  2198
      Depths:5 |       0 |   74861 |   0.0 |       0 |      70 |   0.0 |  1684
          Hell |       0 |   19019 |   0.0 |       0 |      37 |   0.0 |   119
       Abyss:1 |   14013 |   25843 |  35.2 |      25 |      26 |  49.0 |   819
       Abyss:2 |    4063 |   12118 |  25.1 |       9 |      19 |  32.1 |   513
       Abyss:3 |    7105 |   15022 |  32.1 |      17 |      24 |  41.5 |   698
       Abyss:4 |   22228 |    5828 |  79.2 |      35 |       8 |  81.4 |   522
         Zig:1 |       0 |    2900 |   0.0 |       0 |       1 |   0.0 |    66
         Zig:2 |       0 |    2779 |   0.0 |       0 |       2 |   0.0 |    61
         Zig:3 |       0 |    4264 |   0.0 |       0 |       4 |   0.0 |    75
         Zig:4 |       0 |    4627 |   0.0 |       0 |       5 |   0.0 |    75
         Zig:5 |       0 |    6315 |   0.0 |       0 |       6 |   0.0 |    85
         Zig:6 |       0 |    7167 |   0.0 |       0 |       7 |   0.0 |    69
         Zig:7 |       0 |    8177 |   0.0 |       0 |      14 |   0.0 |    78
         Zig:8 |       0 |   12505 |   0.0 |       0 |       9 |   0.0 |   130
         Zig:9 |       0 |   10200 |   0.0 |       0 |      18 |   0.0 |   114
        Bailey |       0 |    2612 |   0.0 |       0 |      27 |   0.0 |   321
         IceCv |       0 |   10922 |   0.0 |       0 |      46 |   0.0 |  1098
       Volcano |       0 |    4501 |   0.0 |       0 |       7 |   0.0 |   327
        WizLab |       0 |   12981 |   0.0 |       0 |      18 |   0.0 |   815
               +---------+---------+-------+---------+---------+-------+---------
